 Dungeon Crawl Stone Soup version 0.31-a0-216-g22e908daa7 (webtiles) character file.

Game seed: 9173798492214343577

61 qw the Shooter (level 3, -3/29 HPs)
             Began as a Minotaur Hexslinger on July 1, 2023.
             Killed from afar by Sigmund (11 damage)
             ... with a puff of flame
             ... on level 2 of the Dungeon.
             The game lasted 00:00:24 (770 turns).

qw the Shooter (Minotaur Hexslinger)                 Turns: 770, Time: 00:00:25

Health: -3/29      AC:  2    Str: 12    XL:     3   Next: 83%
Magic:  3/3        EV: 12    Int: 10    God:
Gold:   97         SH:  0    Dex: 14    Spells: 3/4 levels left

rFire   . . .        Y - +1 sling
rCold   . . .        (no shield)
rNeg    . . .        c - +0 robe
rPois   .            (helmet restricted)
rElec   .            (no cloak)
rCorr   .            (no gloves)
SInv    .            (no boots)
Will    .....        (no amulet)
Stlth   +            (no ring)
HPRegen 0.24/turn    (no ring)
MPRegen 0.08/turn

%: no passive effects
@: confused
A: horns 2, retaliatory headbutt
a: no special abilities


You were on level 2 of the Dungeon.
You visited 1 branch of the dungeon, and saw 2 of its levels.

You collected 97 gold pieces.


Innate Abilities, Weirdness & Mutations

You have a pair of horns on your head.
You reflexively headbutt those who attack you in melee.


   Skills:
 - Level 2.0 Fighting
 + Level 4.4 Ranged Weapons
 - Level 2.1 Dodging
 - Level 1.0 Spellcasting
 - Level 2.0 Hexes


You had 3 spell levels left.
You knew the following spells:

 Your Spells              Type           Power      Damage    Failure   Level
a - Slow                  Hex            16%        N/A       16%         1

Your spell library contained the following spells:

 Spells                   Type           Power      Damage    Failure   Level
 Inner Flame              Hex/Fire       2%         N/A       56%         3
 Portal Projectile        Hex/Tloc       4%         N/A       56%         3
 Cause Fear               Hex            2%         N/A       83%         4

Inventory:

Hand Weapons
 Y - a +1 sling (weapon)
Armour
 b - a +0 ring mail
 c - a +0 robe (worn)
 h - a +0 pair of gloves
Scrolls
 a - 3 scrolls of identify

Dungeon Overview and Level Annotations

Branches:
Dungeon (2/15)

Altars:

Annotations:
D:2 Sigmund


Message History

The giant cockroach bites you but does no damage.
Something hits you.
The giant cockroach bites you but does no damage.
You shoot a sling bullet.
The sling bullet hits the giant cockroach.
You kill the giant cockroach!
Something hits you but does no damage.
749 ||| FLEEEEING.
750 ||| FLEEEEING.
751 ||| STILL FLEEEEING.
752 ||| FLEEEEING.
There is an open door here.
753 ||| FLEEEEING.
Something tries to affect you, but you resist.
754 ||| FLEEEEING.
755 ||| FLEEEEING.
756 ||| STILL FLEEEEING.
757 ||| STILL FLEEEEING.
758 ||| STILL FLEEEEING.
759 ||| STILL FLEEEEING.
760 ||| STILL FLEEEEING.
761 ||| STILL FLEEEEING.
762 ||| STILL FLEEEEING.
763 ||| STILL FLEEEEING.
764 ||| STILL FLEEEEING.
You are confused.
You shoot a sling bullet.
You are more confused.
You shoot a sling bullet.
You are more confused.
You shoot a sling bullet. You shoot a sling bullet. You shoot a sling bullet.
Something hits you!
You shoot a sling bullet.
Sigmund appears from thin air!
Reactivating autopickup.
Sigmund gestures at you while chanting. The puff of flame hits you!
You die...

#.....<.# ###'##### #
#.##########.###
#...............
#.######.....## ## #.#
#.##### #. #.# ####.@.# #.
###'###....#.# #.
#.....#....#@# #.
#.....#....#.# ##
#.....#....#.# #
#...%.'....#.## ##########
#.....#.......## #.........
#######....#...#####.########
######.....)%%.# ###.#######
#.#


You could see Sigmund.

Vanquished Creatures
  A gnoll (D:1)
  An adder (D:2)
  A worm (D:2)
  A dart slug (D:2)
  A bat (D:1)
  3 endoplasms (D:1)
  4 giant cockroaches
  2 goblins (D:1)
  3 hobgoblins
  4 quokkas
  3 ball pythons
  2 frilled lizards (D:1)
  6 kobolds
  4 rats (D:1)
36 creatures vanquished.

Notes
Turn   | Place    | Note
-------+----------+-------------------------------------------
     0 | D:1      | qw the Minotaur Hexslinger began the quest for the Orb.
     0 | D:1      | Reached XP level 1. HP: 16/16 MP: 1/1
     0 | D:1      | 0 ||| qw: Version: 0.3-a-35-g05ef00e
     0 | D:1      | 0 ||| qw: Game counter: 7760
     0 | D:1      | 0 ||| qw: Melee chars always use a shield: true
     0 | D:1      | 0 ||| qw: God list: Okawaru
     0 | D:1      | 0 ||| qw: Allow faded altars: false
     0 | D:1      | 0 ||| qw: Do Orc after clearing Dungeon:15 true
     0 | D:1      | 0 ||| qw: Do second Lair branch before Depths: true
     0 | D:1      | 0 ||| qw: Lair rune preference: random
     0 | D:1      | 0 ||| qw: Goals: Normal
     0 | D:1      | 0 ||| PLANNING D:1-11
    51 | D:1      | Found a faded altar of an unknown god.
    64 | D:1      | Reached skill level 3 in Ranged Weapons
    64 | D:1      | Reached XP level 2. HP: 23/23 MP: 2/2
   264 | D:1      | Reached XP level 3. HP: 29/29 MP: 3/3
   504 | D:1      | 504 ||| READING 4 scrolls labelled YLUPSI HINORIZ.
   505 | D:1      | 505 ||| READING scroll labelled URROSELOAD.
   558 | D:1      | 558 ||| READING scroll labelled WYHOTI EXUU.
   561 | D:1      | 561 ||| DRINKING 2 grey potions.
   593 | D:1      | 593 ||| READING 3 scrolls of identify.
   593 | D:1      | 593 ||| IDENTIFYING black potion
   594 | D:1      | 594 ||| DROPPING scroll of poison.
   595 | D:1      | 595 ||| DROPPING potion of lignification.
   661 | D:2      | Reached skill level 4 in Ranged Weapons
   728 | D:2      | Noticed Sigmund
   740 | D:2      | HP: 4/29 [something (4)]
   741 | D:2      | 741 ||| DRINKING 2 potions of heal wounds.
   745 | D:2      | 745 ||| DRINKING potion of heal wounds.
   749 | D:2      | 749 ||| FLEEEEING.
   750 | D:2      | 750 ||| FLEEEEING.
   752 | D:2      | 752 ||| FLEEEEING.
   753 | D:2      | 753 ||| FLEEEEING.
   754 | D:2      | 754 ||| FLEEEEING.
   755 | D:2      | 755 ||| FLEEEEING.
   770 | D:2      | Killed from afar by Sigmund

Levels and vault maps discovered:
D:1:      giann_wishing_wells, layout_rooms, basic_ecumenical_altar,
          minmay_close_crescents
D:2:      layout_basic, minmay_pentomino_p2, uniq_sigmund

Skill      XL: |  1  2  3 |
---------------+----------+-----
Ranged Weapons | 3 4 |  4.4
Fighting       | 2 |  2.0
Dodging        | |  2.1
Spellcasting   | |  1.0
Hexes          | |  2.0

Action                     || total
---------------------------++-------
   Fire: Sling             ||    97
    Use: Scroll            ||     4
         Potion            ||     3
 Armour: Robe              ||    17
  Dodge: Dodged            ||    33

Table legend:
 A = Non-vault XP
 B = Vault XP
 C = Vault XP percentage of total XP
 D = Non-vault monster count
 E = Vault monster count
 F = Vault count percentage of total count
                 A         B        C        D         E       F
            +---------+---------+-------+---------+---------+-------
      Total |      84 |       4 |   4.5 |      33 |       3 |   8.3
            +---------+---------+-------+---------+---------+-------
        D:1 |      51 |       3 |   5.6 |      24 |       2 |   7.7
        D:2 |      33 |       1 |   2.9 |       9 |       1 |  10.0
            +---------+---------+-------+---------+---------+-------
